 Dungeon Crawl Stone Soup version 0.27-a0-1228-gfd60fd639a (webtiles) character file.

Game seed: 13432608189027984222

7 dickylongcocking the Magician (level 2, 0/22 HPs)
             Began as a Djinni Arcane Marksman on June 7, 2021.
             Slain by a goblin
             ... wielding a +0 club
              (2 damage)
             ... on level 1 of the Dungeon.
             The game lasted 00:00:33 (257 turns).

dickylongcocking the Magician (DjAM)                 Turns: 257, Time: 00:00:34

Health: 0/22       AC:  2    Str:  9    XL:     2   Next: 10%
Gold:   0          EV: 12    Int: 14    God:
                   SH:  0    Dex: 13

rFire    + + .     SeeInvis .   b - +0 flail
rCold    x . .     Faith    .   (no shield)
rNeg     . . .     Spirit   .   a - +0 robe
rPois    ∞         Reflect  .   (no helmet)
rElec    .         Harm     .   (no cloak)
rCorr    .         Rampage  .   (no gloves)
Will     .....                  (boots unavailable)
Stlth    +.........             (no amulet)
HPRegen  0.07/turn              (no ring)
MPRegen  0.00/turn              (no ring)

@: flying
A: sickness immunity, fire resistance 2, cold vulnerability 1, float, innate
caster, hp casting, extra vitality 1
a: no special abilities


You were on level 1 of the Dungeon.
You visited 1 branch of the dungeon, and saw 1 of its levels.

Inventory:

Hand Weapons
 b - a +0 flail (weapon)
Armour
 a - a +0 robe (worn)
Scrolls
 e - a scroll of identify {unknown}


   Skills:
 * Level 1.5 Fighting
 * Level 0.7 Maces & Flails
 - Level 1.5 Throwing
 - Level 2.1 Dodging
 - Level 2.4 Spellcasting


You couldn't memorise any spells.
You knew the following spells:

 Your Spells              Type           Power      Damage    Failure   Level
a - Corona                Hex            8%         N/A       9%          1
b - Slow                  Hex            8%         N/A       13%         2
c - Inner Flame           Hex/Fire       8%         N/A       26%         3
d - Portal Projectile     Hex/Tloc       16%        N/A       26%         3
e - Cause Fear            Hex            4%         N/A       63%         4
f - Leda's Liquefaction   Hex/Erth       4%         N/A       63%         4
Your spell library was empty.

Dungeon Overview and Level Annotations

Branches:
Dungeon (1/15)

Altars:


Innate Abilities, Weirdness & Mutations

You are immune to sickness and miasma.
You are immune to poison.
Your flesh is very heat resistant. (rF++)
You are vulnerable to cold. (rC-)
You float through the air rather than walking.
You learn spells naturally, not from books.
Your magical power is your life essence.
You have superior vitality. (+4 HP)


Message History

The jackal barely misses you. The bat hits you. The bat closely misses you. x2
Throw: throwing net
Press: ? - help, Q - select action, (/) - cycle Shift-Dir - straight line, f/p - jackal
Aim: a jackal (47% to hit)
You throw a throwing net. The throwing net barely misses the bat.
The throwing net hits the jackal.
The jackal is caught in the net!
The bat barely misses you.
The jackal struggles against the net.
The bat hits you. The bat barely misses you.
The jackal struggles against the net.
Unknown command.
You closely miss the bat. The bat hits you but does no damage.
The bat barely misses you. The bat hits you but does no damage. x2
The jackal struggles against the net.
The frilled lizard hisses.
The bat hits you.
The jackal struggles against the net.
The net rips apart, and the jackal comes free!
You closely miss the bat. The bat barely misses you. x2
The bat hits you but does no damage. x2; The goblin closely misses you.
You hit the bat.
You kill the bat!
The bat hits you but does no damage. The jackal completely misses you.
The goblin completely misses you. The bat hits you but does no damage.
You closely miss the goblin. The bat closely misses you.
The jackal barely misses you. The bat closely misses you.
The goblin hits you with a +0 club.
* * * LOW HITPOINT WARNING * * *
The jackal closely misses you.
You closely miss the jackal. The bat hits you but does no damage. x2
The jackal bites you.
* * * LOW HITPOINT WARNING * * *
The goblin hits you with a +0 club.
* * * LOW HITPOINT WARNING * * *
The jackal bites you but does no damage.
The bat closely misses you. The goblin misses you.
You barely miss the goblin. The bat barely misses you. The jackal bites you.
* * * LOW HITPOINT WARNING * * *
The goblin hits you with a +0 club.
You die...

..........#.###...##########
..........#..###'###.......#
....._###.#..###'###.......#
..........#........#.⌠.8.⌠.#
..........#.....>..'.......#
)###..###..#.......#.......#
........(..#.########'###+##
........#....########...
........#......h@......#.
..##....#...#..##g...#.. ..
..(..........#...l#b..##. #
..(.#######...##.........#
..#†# #...............
.##l## ##..............
.##..#####..............J
.#......g..#...........$#
.#....l...............#


You could see a jackal, a goblin, a bat and a frilled lizard.

Vanquished Creatures
  An endoplasm (D:1)
  2 jackals (D:1)
  A kobold (D:1)
  A ball python (D:1)
  A bat (D:1)
  A rat (D:1)
7 creatures vanquished.

Notes
Turn   | Place    | Note
-------+----------+-------------------------------------------
     0 | D:1      | dickylongcocking the Djinni Arcane Marksman began the quest
                  | for the Orb.
     0 | D:1      | Reached XP level 1. HP: 17/17 MP: 0/0
    26 | D:1      | Found a faded altar of an unknown god.
   233 | D:1      | Reached XP level 2. HP: 14/22 MP: 0/0
   257 | D:1      | Slain by a goblin

Illustrated notes

Levels and vault maps discovered:
D:1:      dpeg_arrival_simpleton_b, layout_rooms,
          hellmonk_ecumenical_altar_lost_god

Action                   || total
-------------------------++-------
Melee: Flail             ||    18
Throw: Javelin           ||     5
       Throwing net      ||     2
Armor: Robe              ||    24
Dodge: Dodged            ||    54

Table legend: (Time is in decaauts)
 A = Elapsed time spent in this place.
 B = Non-inter-level travel time spent in this place.
 C = Inter-level travel time spent in this place.
 D = Time resting spent in this place.
 E = Time spent auto-exploring this place.
 F = Levels seen in this place.
 G = Mean time per level.
                   A        B        C        D        E       F      G
               +--------+--------+--------+--------+--------+-----+--------+
         Total |    265 |    265 |      0 |      0 |    166 |   1 |  265.0 |
       Dungeon |    265 |    265 |      0 |      0 |    166 |   1 |  265.0 |
               +--------+--------+--------+--------+--------+-----+--------+

Top non-repeatable levels by time:
     D:1: 265 daAuts
